 Dungeon Crawl Stone Soup version 0.17-a0-777-g32247ce (webtiles) character file.

1825920 WayToo the Wrestler (level 27, 339/339 HPs)
             Began as a Troll Wizard on Apr 25, 2015.
             Was the Champion of Cheibriados.
             Escaped with the Orb
             ... and 3 runes!
             The game lasted 04:33:28 (63810 turns).

WayToo the Wrestler (Troll Wizard)                 Turns: 63810, Time: 04:33:28

Health: 339/339    AC: 29    Str: 44    XL:     27
Magic:  20/30      EV: 26    Int: 38    God:    Cheibriados [******]
Gold:   2923       SH: 19    Dex: 23    Spells: 10 memorised, 20 levels left

rFire  + . .     SeeInvis .       - Unarmed
rCold  + . .     Clarity  .     (armour currently unavailable)
rNeg   + . .     SustAb   .     Y - +4 shield {rF+}
rPois  ∞         Gourm    +     D - +2 hat
rElec  +         Spirit   .     Q - +1 cloak {+Inv}
rCorr  .         Warding  .     (gloves unavailable)
rMut   .         Stasis   .     (boots unavailable)
MR     +++..                    C - amulet of regeneration
Stlth  +.........               c - ring of protection from magic
                                B - ring of protection from cold

@: statue-form, repel missiles, very slow, extremely resistant to hostile
enchantments, very unstealthy
A: unfitting armour, claws 3, thin skeletal structure 1, fast metabolism 3,
gourmand, low mp 2, regeneration 2, (shaggy fur 0), spit poison 1, strong 2,
(tough skin 0), MP-powered wands
a: Spit Poison, End Transformation, Bend Time, Temporal Distortion, Slouch, Step
From Time, Renounce Religion, Evoke Invisibility
0: Orb of Zot
}: 3/15 runes: barnacled, silver, gossamer


You escaped.
You worshipped Cheibriados.
Cheibriados was exalted by your worship.
You were very full.
You were a stone statue.
You visited 9 branches of the dungeon, and saw 55 of its levels.
You also visited: Sewer, Bailey and Ice Cave.

You collected 7620 gold pieces.
You spent 4697 gold pieces at shops.

Inventory:

Hand weapons
 I - the +9 Staff of Wucad Mu {channel}
   (You found it on level 5 of the Vaults)
Missiles
 b - 8 throwing nets
 M - 56 javelins of penetration
 V - 181 large rocks (quivered)
Armour
 q - a +8 fire dragon armour (melded)
 D - a +2 hat (worn)
 Q - a +1 cloak of invisibility (worn)
 Y - a +4 shield of fire resistance (worn)
Rods
 J - a +3 rod of the swarm (9/9)
   (You took it off a frost giant on level 5 of the Vaults)
Jewellery
 a - an uncursed amulet of clarity
 c - a ring of protection from magic (right claw)
 e - the amulet "Koafaod" {Stasis rPois}
   (You found it on level 3 of the Vaults)

   [amulet of stasis]

   It prevents you from being teleported, slowed, hasted or paralysed.
   It protects you from poison.
 f - an uncursed ring of teleportation
 p - an uncursed amulet of resist corrosion
 r - an uncursed ring of fire
 w - an uncursed ring of protection from fire
 x - the ring "Ofaruef" {-Tele rElec rPois rN+ Slay+3}
   (You found it on level 3 of the Crypt)

   [ring of positive energy]

   It affects your accuracy and damage with ranged weapons and melee attacks
   (+3).
   It insulates you from electricity.
   It protects you from poison.
   It protects you from negative energy.
   It prevents most forms of teleportation.
 B - a ring of protection from cold (left claw)
 C - an amulet of regeneration (around neck)
 E - an uncursed ring of wizardry
 G - an uncursed ring of protection from fire
 N - the ring "Edeyxipnonk" {rElec rN+ Dex+2 SInv}
   (You found it on level 3 of the Crypt)

   [ring of positive energy]

   It affects your dexterity (+2).
   It insulates you from electricity.
   It protects you from negative energy.
   It enhances your eyesight.
Magical devices
 k - a wand of disintegration (2)
 l - a wand of teleportation (4)
 m - a wand of teleportation (5)
Scrolls
 g - 13 scrolls of recharging
 h - 6 scrolls of fear
 j - 20 scrolls of remove curse
 o - 6 scrolls of amnesia
 s - 18 scrolls of identify
 v - 2 scrolls of silence
 A - a scroll of holy word
 P - 2 scrolls of fog
 U - 2 scrolls of magic mapping
 X - 3 scrolls of blinking
Potions
 z - 10 potions of restore abilities
 F - 4 potions of resistance
 H - a potion of cancellation
 K - 20 potions of curing
 L - 2 potions of cure mutation
 R - a potion of brilliance
 T - 2 potions of flight
 W - 2 potions of heal wounds
 Z - 6 potions of magic
Books
 n - a book of Changes

   Spells                             Type                      Level
   a - Beastly Appendage              Transmutation                1
   b - Sticks to Snakes               Transmutation                2
   c - Spider Form                    Transmutation/Poison         3
   d - Ice Form                       Ice/Transmutation            4
   e - Blade Hands                    Transmutation                5
Miscellaneous
 u - a lamp of fire
Comestibles
 d - 34 bread rations
 i - a meat ration
 S - 35 fruits


   Skills:
 - Level 13.0 Fighting
 - Level 7.4 Throwing
 - Level 13.3 Armour
 - Level 16.7 Dodging
 - Level 1.2 Stealth
 - Level 10.2 Shields
 - Level 26.3 Unarmed Combat
 - Level 12.6 Spellcasting
 - Level 4.0 Conjurations
 - Level 0.6 Summonings
 - Level 14.0 Translocations
 - Level 9.2 Transmutations
 - Level 13.0 Earth Magic
 + Level 8.8 Invocations


You had 20 spell levels left.
You knew the following spells:

 Your Spells              Type           Power        Failure   Level  Hunger
a - Magic Dart            Conj           ####         1%          1    None
b - Blink                 Tloc           N/A          0%          2    None
c - Repel Missiles        Chrm/Air       ###...       2%          2    None
d - Mephitic Cloud        Conj/Pois/Air  ####....     2%          3    None
e - Conjure Flame         Conj/Fire      #####...     1%          3    None
f - Apportation           Tloc           #######...   0%          1    None
g - Summon Butterflies    Summ           ####....     1%          1    None
h - Statue Form           Trmt/Erth      #######..    2%          6    ###....
i - Controlled Blink      Tloc           N/A          4%          7    #####..
j - Blade Hands           Trmt           #######...   1%          5    None


Dungeon Overview and Level Annotations

Branches:
Dungeon (15/15)            Temple (0/1) D:6            Lair (8/8) D:10
 Shoals (5/5) Lair:3       Spider (5/5) Lair:6        Slime (0/6) Lair:7
    Orc (4/4) D:12            Elf (0/3) Orc:3        Vaults (5/5) D:13
  Crypt (3/3) Vaults:3       Tomb (0/3) Crypt:3      Depths (5/5) D:15
    Zot (5/5) Depths:5

Altars:
Ashenzari
Cheibriados
Elyvilon
Kikubaaqudgha
Makhleb
Nemelex Xobeh
Okawaru
Ru
Sif Muna
Vehumet
Xom
Yredelemnul
Zin
The Shining One
Jiyva

Shops:
D:4 }   D:7 (   Orc:3 !   Orc:4 [*?[   Shoals:1 !   Shoals:3 [=:*   Shoals:4 !
Depths:2 =   Depths:4 :

Portals:
Hell: Depths:1 Depths:2 Depths:3 Depths:4 Depths:5
Abyss: Depths:2 Depths:4 Depths:5
Pandemonium: Depths:2 Depths:3
Ziggurat: Depths:5

Annotations:
Lair:7 1 runed door
Shoals:2 Polyphemus


Innate Abilities, Weirdness & Mutations

You are too large for most types of armour.
You have claws for hands.
Your metabolism is lightning-fast.
You like to eat raw meat.
You heal very quickly.
((You are covered in thick fur (AC +2).))
((You have very tough skin (AC +2).))
You have a somewhat thin skeletal structure (Dex +2, Stealth).
Your magical capacity is very low (-20% MP).
You can spit weak poison.
Your muscles are very strong. (Str +4)
You expend magic power (3 MP) to strengthen your wands.


Message History

You turn into a living statue of rough stone.
Your +8 fire dragon armour melds into your body.
Unknown command.
Put on which piece of jewellery? (? for menu, Esc to quit)
Okay, then.
Put on which piece of jewellery? (? for menu, Esc to quit)
You're wearing all the rings you can.
Remove which one? (? for menu, Esc to cancel) < or
B - a ring of protection from cold > or
N - the ring "Edeyxipnonk" {rElec rN+ Dex+2 SInv} You remove the ring "Edeyxipnonk" {rElec rN+ Dex+2 SInv}.
w - a ring of protection from fire (right claw) Put on which piece of jewellery? (? for menu, Esc to quit)
You're wearing all the rings you can.
Remove which one? (? for menu, Esc to cancel) < or
B - a ring of protection from cold > or
w - a ring of protection from fire You remove your ring of protection from fire.
c - a ring of protection from magic (right claw)
You have escaped!

..##.........## #.......#.# #...
..##...[......# ####.####.####.##
..#####.####..## ##...###......#
#.# #......#)###.#......####.#
#.# #########.#.###..#######.#
#.#######..## ##.## ##.##......#
..........#.###.#.###.###.######
.......##.##.#.#.#.#.## #.#
...###.##.###.#.8.#.## #.# ...#
#.##.##.#)#.#.#.####.####
...###.##.#.###.#.###.#......#
...#.......## ##4## ##..####.#
............###.#.## #### #.#
...#.####.#.##.###.#########.#
......#...(...#####..........#
#.##..#.............#.#.....##
......#...#.........#.#..########


There were no monsters in sight!

Vanquished Creatures
  4 orbs of fire (Zot:5)
  Mara (Vaults:5)
  3 ancient liches
  Sojobo (Depths:1)
  Boris (Crypt:3)
  Frederick (Vaults:4)
  Norris (Spider:3)
  Saint Roka (Vaults:4)
  A caustic shrike (Depths:2)
  A curse toe (Zot:2)
  3 Killer Klowns (Zot:5)
  14 golden dragons
  Jory (Vaults:5)
  Xtahua (Vaults:3)
  3 bone dragons
  Arachne (Spider:4)
  3 electric golems
  Jorgrun (Spider:3)
  A hellephant (D:13)
  A Brimstone Fiend (D:13)
  Rupert (Lair:7)
  11 liches
  20 tentacled monstrosities
  A Hell Sentinel (Zot:5)
  A shard shrike skeleton (Crypt:2)
  29 Orb Guardians
  4 titans
  3 quicksilver dragons
  An Executioner (Depths:4)
  2 krakens
  9 sphinxes
  19 shadow dragons
  2 ancient champions
  2 octopode crushers
  14 storm dragons
  9 tengu reavers
  15 fire giants
  Roxanne (Shoals:2)
  4 revenants
  Ilsuiw (Shoals:4)
  7 draconian monks
  Wiglaf (Depths:1)
  17 vault wardens
  Donald (Shoals:2)
  8 draconian knights
  8 ghost moths
  A cacodemon (D:13)
  5 draconian shifters
  18 frost giants
  An orc warlord (Vaults:4)
  An iron dragon (Depths:3)
  2 deep elf sorcerers
  Louise (Shoals:2)
  5 curse skulls
  3 emperor scorpions (Spider:5)
  9 draconian zealots
  10 draconian scorchers
  5 war gargoyles
  5 ghouls
  2 spriggan defenders (Depths:2)
  A reaper (D:13)
  5 draconian annihilators
  A balrug (D:13)
  22 very ugly things
  15 ironheart preservers
  7 vampire knights
  2 draconian callers
  8 green draconians
  33 stone giants
  A corrupter (D:13)
  4 deep elf demonologists
  11 white draconians
  4 deep elf annihilators
  A lorocyproca (D:13)
  A spellforged servitor (Crypt:3)
  A dire elephant (D:13)
  10 black draconians
  12 yellow draconians
  11 mottled draconians
  11 red draconians
  7 purple draconians
  2 blizzard demons
  5 deep elf death magi
  3 deep elf high priests
  9 merfolk javelineers
  Snorg (Orc:1)
  8 jiangshi
  16 ettins
  5 eidola (Crypt:3)
  24 slime creatures
  18 fire dragons
  Josephine (D:11)
  7 merfolk impalers
  27 vault guards
  A green death (Vaults:2)
  9 entropy weavers
  A hell beast (Depths:3)
  25 yaktaur captains
  Harold (D:10)
  21 ice dragons
  16 death cobs
  6 great orbs of eyes
  6 rakshasas
  9 spriggan air magi
  3 death knights
  A merfolk avatar (Shoals:5)
  3 catoblepae
  13 hydras
  Erica (D:10)
  15 ogre magi
  3 merfolk aquamancers
  An alligator snapping turtle (Shoals:5)
  4 dancing weapons
  8 centaur warriors
  A spectral frost giant (Crypt:3)
  6 salamander stormcallers
  9 deep troll shamans
  14 death yaks
  2 tengu warriors
  7 deep troll earth magi
  4 vampire magi
  5 soul eaters
  8 spriggan berserkers
  3 fire crabs
  A titan skeleton (Depths:1)
  2 deep elf knights (Vaults:4)
  An infernal demonspawn (Depths:2)
  17 shadow wraiths
  15 skeletal warriors
  The ghost of ImmaFairy the Chopper, an experienced FoFi (D:6)
  3 ice devils
  2 sun demons (D:13)
  A spectral anaconda (Crypt:3)
  2 iron trolls (Depths:5)
  2 ball lightnings (D:13)
  A golden dragon zombie (Crypt:1)
  5 giant orange brains
  3 lindwurms (shapeshifter)
  A spriggan druid (Depths:1)
  An unseen horror (shapeshifter) (Vaults:3)
  A death drake (shapeshifter) (Depths:1)
  A gelid demonspawn (D:13)
  21 deep trolls
  A large abomination (Vaults:2)
  16 sea snakes
  A putrid demonspawn (D:13)
  12 flayed ghosts
  4 wizards
  3 ice statues
  4 unseen horrors
  21 orc knights
  An obsidian statue (Zot:4)
  21 ironbrand convokers
  3 necromancers
  An orc sorcerer (Vaults:4)
  26 phantasmal warriors
  A spectral wolf spider (Crypt:3)
  10 hill giants
  21 harpies
  16 manticores
  4 deep elf conjurers
  A fire giant zombie (Depths:1)
  14 cyclopes
  A manticore (shapeshifter) (Vaults:2)
  14 orb spiders
  6 hornets
  5 water nymphs
  A sixfirhy (Depths:2)
  9 fauns
  A water nymph (shapeshifter) (Vaults:4)
  A faun (shapeshifter) (Vaults:5)
  12 vault sentinels
  9 black mambas
  75 ugly things
  A centaur zombie (D:15)
  30 wolf spiders
  A moth of wrath (shapeshifter) (Vaults:5)
  2 rust devils
  19 griffons
  28 moths of wrath
  9 sirens
  3 human skeletons (Vaults:4)
  4 orange demons
  A torpor snail (Spider:5)
  3 smoke demons
  20 spiny frogs
  An orange crystal statue (Zot:5)
  15 demonic crawlers
  A white draconian zombie (Crypt:1)
  A gargoyle (D:15)
  A black draconian zombie (Zot:2)
  A yellow draconian zombie (Zot:2)
  10 hellwings
  64 yaktaurs
  6 kobold demonologists
  A hellion (Crypt:3)
  2 fire drakes
  A yaktaur (shapeshifter) (Depths:4)
  A spiny frog (shapeshifter) (D:15)
  12 komodo dragons
  4 red devils
  3 deep elf priests
  A death yak skeleton (Crypt:3)
  27 jumping spiders
  3 tengu conjurers
  11 blue devils
  8 trolls
  A giant leech (Lair:8)
  A queen bee (Spider:2)
  30 merfolk
  7 wind drakes
  A polar bear (shapeshifter) (Depths:2)
  A troll (shapeshifter) (Vaults:1)
  5 polar bears
  22 two-headed ogres
  Grinder (D:5)
  7 boulder beetles
  A frost giant simulacrum (Vaults:3)
  A fire dragon zombie (Crypt:1)
  11 ravens
  9 snapping turtles
  48 blink frogs
  17 freezing wraiths
  A slime creature (shapeshifter) (Vaults:5)
  4 bog bodies
  A stone giant simulacrum (Depths:1)
  An ice dragon zombie (Zot:2)
  A raiju (shapeshifter) (Depths:2)
  10 air elementals
  An ice dragon skeleton (Zot:4)
  27 tarantellas
  A fire dragon skeleton (Crypt:3)
  65 redbacks
  23 trapdoor spiders
  19 water elementals
  Sigmund (D:2)
  9 flying skulls
  4 hill giant zombies
  A griffon skeleton (Crypt:3)
  2 vampires
  17 wraiths
  3 spriggans
  A wind drake zombie (Crypt:1)
  6 shadows
  17 wolves
  5 deep elf magi
  51 yaks
  A chaos spawn (Zot:5)
  A queen ant zombie (Crypt:2)
  A steam dragon (D:8)
  3 basilisks
  22 hippogriffs
  A neqoxec (Zot:4)
  14 vampire mosquitoes
  10 deep elf fighters
  9 insubstantial wisps (D:13)
  4 mottled dragons
  2 soldier ants
  12 hungry ghosts
  4 wargs
  An orb spider zombie (Crypt:3)
  A soldier ant (shapeshifter) (Vaults:4)
  17 water moccasins
  2 sky beasts
  A hell hound (Depths:3)
  14 porcupines
  62 orc warriors
  23 spiders
  A spiny frog skeleton (Crypt:1)
  2 black bears
  56 ogres
  An eye of draining (D:14)
  A human zombie (Vaults:4)
  28 ice beasts
  9 wasps
  2 phantoms
  A sky beast (shapeshifter) (Depths:4)
  19 centaurs
  A lost soul (Crypt:2)
  2 boring beetles
  5 necrophages
  6 boggarts
  A boring beetle (shapeshifter) (D:15)
  A brain worm (D:15)
  18 crocodiles
  5 big kobolds
  Blork the orc (D:5)
  27 giant frogs
  A wyvern zombie (D:9)
  A cyclops zombie (Crypt:1)
  A cyclops skeleton (Crypt:1)
  14 scorpions
  34 killer bees
  An orc simulacrum (Vaults:1)
  23 wights
  A polar bear skeleton (Crypt:2)
  11 crimson imps
  An electric eel (Lair:8)
  3 draconian simulacra (IceCv)
  5 jellies
  3 giant frog zombies
  Crazy Yiuf (D:5)
  5 centaur skeletons
  26 orc priests
  7 quasits
  A soldier ant zombie (Crypt:1)
  5 iron imps
  34 orc wizards
  Jessica (D:2)
  7 hounds
  A two-headed ogre skeleton (Crypt:2)
  11 worker ants
  A statue (D:8)
  14 iguanas
  A killer bee zombie (D:3)
  15 sheep
  2 troll simulacra (IceCv)
  A crocodile zombie (Crypt:3)
  A dwarf zombie (Crypt:2)
  3 ogre zombies (D:12)
  A felid skeleton (Crypt:2)
  3 centaur simulacra (IceCv)
  2 hound skeletons
  14 gnolls
  2 worker ant zombies (D:4)
  17 adders
  2 ogre simulacra (IceCv)
  5 shadow imps
  A steam dragon skeleton (Crypt:3)
  61 river rats
  2 white imps
  3 ufetubi
  An ooze (D:7)
  3 adder skeletons
  2 adder zombies
  A worm (shapeshifter) (Vaults:5)
  5 worms
  191 orcs
  13 bats
  2 bat skeletons (D:4)
  2 bat zombies
  4 giant cockroaches
  16 goblins
  21 hobgoblins
  22 jackals
  4 quokkas
  6 ball pythons
  2 giant cockroach zombies (D:4)
  3 giant geckos
  2 giant gecko skeletons (D:4)
  A giant gecko zombie (D:5)
  5 giant newts
  A giant spore (D:12)
  A goblin zombie (D:12)
  A hobgoblin skeleton (D:12)
  6 hobgoblin zombies (D:12)
  2 jackal skeletons
  2 jackal zombies
  33 kobolds
  2 orc skeletons (D:12)
  9 orc zombies (D:12)
  16 rats
  A river rat skeleton (Crypt:1)
  3 ballistomycetes
  2 fungi
  A plant (Depths:3)
  5 tentacles
  A tentacle segment (Shoals:3)
3061 creatures vanquished.

Vanquished Creatures (collateral kills)
  2 redbacks (Spider:1)
2 creatures vanquished.

Vanquished Creatures (others)
  A draconian scorcher (Zot:4)
  Aizul (Shoals:4)
  An ironheart preserver (Vaults:5)
  A stone giant (Depths:4)
  A deep elf annihilator (Vaults:2)
  4 merfolk javelineers
  3 yaktaur captains
  A centaur warrior (Vaults:2)
  A satyr (Shoals:4)
  A dancing weapon (Vaults:5)
  4 ball lightnings
  An ironbrand convoker (Vaults:5)
  A wolf spider (Spider:5)
  19 yaktaurs
  A deep elf priest (Vaults:5)
  2 two-headed ogres (Vaults:4)
  A freezing wraith (Vaults:5)
  2 fire vortices (Vaults:5)
  A flying skull (Crypt:3)
  A deep elf fighter (Vaults:5)
  A vampire mosquito (Vaults:1)
  A swamp worm (shapeshifter) (Depths:3)
  2 orc warriors
  2 ogres
  2 centaurs
  7 lost souls
  A scorpion (Spider:1)
  An iron imp (Zot:5)
  2 orcs (Vaults:2)
  A giant spore (D:8)
  A kobold (D:12)
  A rat (D:3)
  11 fungi
  14 plants
  30 tentacles
  1498 tentacle segments
1623 creatures vanquished.

Grand Total: 4686 creatures vanquished

Notes
Turn   | Place    | Note
--------------------------------------------------------------
     0 | D:1      | WayToo, the Troll Wizard, began the quest for the Orb.
     0 | D:1      | Reached XP level 1. HP: 16/16 MP: 2/2
    23 | D:1      | Reached skill level 1 in Unarmed Combat
   208 | D:1      | Reached XP level 2. HP: 24/24 MP: 4/4
   921 | D:2      | Reached XP level 3. HP: 31/31 MP: 5/5
   936 | D:2      | Reached skill level 3 in Unarmed Combat
  1065 | D:2      | Noticed Jessica
  1069 | D:2      | Killed Jessica
  1069 | D:2      | Reached XP level 4. HP: 39/39 MP: 6/6
  1170 | D:2      | Reached skill level 4 in Unarmed Combat
  1349 | D:2      | Found an iron altar of Okawaru.
  1351 | D:2      | Noticed Sigmund
  1367 | D:2      | Killed Sigmund
  1367 | D:2      | Reached skill level 5 in Unarmed Combat
  1367 | D:2      | Reached XP level 5. HP: 27/45 MP: 7/7
  1481 | D:2      | Reached XP level 6. HP: 47/53 MP: 8/8
  1493 | D:2      | Reached skill level 6 in Unarmed Combat
  1519 | D:2      | Found a shattered altar of Ashenzari.
  2163 | D:3      | Found a white marble altar of Elyvilon.
  2806 | D:4      | Found a snail-covered altar of Cheibriados.
  2814 | D:4      | Became a worshipper of Cheibriados the Contemplative
  2939 | D:4      | Reached skill level 1 in Shields
  2939 | D:4      | Reached skill level 7 in Unarmed Combat
  3020 | D:4      | Reached XP level 7. HP: 50/59 MP: 9/9
  3027 | D:4      | Acquired Cheibriados's first power
  3214 | D:4      | Found Xaunoloi's Gadget Emporium.
  3396 | D:4      | Found a burning altar of Makhleb.
  3396 | D:4      | Found a glowing silver altar of Zin.
  3397 | D:4      | Noticed an angel
  3397 | D:4      | Noticed a blizzard demon
  3410 | D:5      | Entered Level 5 of the Dungeon
  3521 | D:5      | Found a glowing drain.
  3537 | Sewer    | Entered a sewer
  4148 | D:5      | Noticed a yak
  4148 | D:5      | Noticed a yak
  4148 | D:5      | Noticed a yak
  4149 | D:5      | Noticed a yak
  4171 | D:5      | Killed a yak
  4171 | D:5      | Reached skill level 8 in Unarmed Combat
  4171 | D:5      | Reached XP level 8. HP: 38/67 MP: 10/10
  4177 | D:5      | Killed a yak
  4188 | D:5      | Killed a yak
  4188 | D:5      | Acquired Cheibriados's second power
  4195 | D:5      | Killed a yak
  4199 | D:5      | Reached skill level 9 in Unarmed Combat
  4248 | D:5      | Noticed Crazy Yiuf
  4258 | D:5      | Killed Crazy Yiuf
  4312 | D:5      | Noticed Blork the orc
  4322 | D:5      | Killed Blork the orc
  4354 | D:5      | Reached skill level 5 in Shields
  4419 | D:5      | Noticed Grinder
  4436 | D:5      | Killed Grinder
  4436 | D:5      | Reached XP level 9. HP: 50/74 MP: 11/11
  4533 | D:5      | Found a deep blue altar of Sif Muna.
  4694 | D:5      | Acquired Cheibriados's third power
  5013 | D:6      | Noticed ImmaFairy's ghost (experienced FoFi)
  5144 | D:6      | Killed ImmaFairy's ghost
  5144 | D:6      | Reached skill level 1 in Fighting
  5144 | D:6      | Reached skill level 10 in Unarmed Combat
  5457 | D:6      | Found a staircase to the Ecumenical Temple.
  5992 | D:7      | Acquired Cheibriados's fourth power
  6066 | D:7      | Found a shimmering altar of Xom.
  6121 | D:7      | Found Lonataops's Antique Weapon Emporium.
  6176 | D:7      | Reached XP level 10. HP: 84/84 MP: 12/12
  6348 | D:7      | Reached skill level 11 in Unarmed Combat
  6515 | D:8      | Found a shimmering altar of Xom.
  6611 | D:8      | Learned a level 2 spell: Blink
  6614 | D:8      | Learned a level 2 spell: Repel Missiles
  6618 | D:8      | Learned a level 3 spell: Mephitic Cloud
  6622 | D:8      | Learned a level 3 spell: Conjure Flame
  6986 | D:8      | Found a radiant altar of Vehumet.
  7201 | D:9      | Reached skill level 1 in Invocations
  7345 | D:9      | Reached skill level 1 in Conjurations
  7501 | D:9      | You fall through a shaft!
  7501 | D:10     | Entered Level 10 of the Dungeon
  7675 | D:10     | Found a staircase to the Lair.
  7849 | D:9      | Found a glowing golden altar of the Shining One.
  7850 | D:9      | Noticed an angel
  7854 | D:9      | Found a basalt altar of Yredelemnul.
  7855 | D:9      | Noticed a profane servitor
  7887 | D:9      | Found a sacrificial altar of Ru.
  8437 | D:10     | Noticed Harold
  8446 | D:10     | Killed Harold
  8446 | D:10     | Reached XP level 11. HP: 86/91 MP: 13/13
  8532 | D:10     | Noticed Erica
  8539 | D:10     | Killed Erica
  8582 | D:10     | You fall through a shaft for 3 floors!
  8582 | D:13     | Noticed a ball lightning
  8583 | D:13     | Killed a ball lightning
  8583 | D:13     | Reached skill level 12 in Unarmed Combat
  8586 | D:13     | Noticed a ball lightning
  8586 | D:13     | Noticed a ball lightning
  8587 | D:13     | Noticed a ball lightning
  8664 | D:13     | Found a gate to the Vaults.
  8664 | D:13     | Noticed an enchanted long sword
  8664 | D:13     | Noticed an enchanted long sword
  8711 | D:12     | Noticed a sun demon
  8734 | D:11     | Noticed a four-headed hydra
  8857 | D:11     | Noticed a four-headed hydra
  8858 | D:11     | Noticed Josephine
  8964 | D:10     | Noticed a hill giant
  8973 | D:10     | Killed a hill giant
  9178 | D:10     | Noticed an unseen horror
  9213 | D:10     | Killed an unseen horror
  9636 | Lair:1   | Entered Level 1 of the Lair of Beasts
 10058 | Lair:1   | Found a glowing silver altar of Zin.
 10444 | Lair:2   | Reached skill level 5 in Dodging
 10447 | Lair:2   | Reached skill level 5 in Invocations
 10503 | Lair:2   | Reached XP level 12. HP: 42/100 MP: 14/14
 10578 | Lair:2   | Noticed an eight-headed hydra
 10694 | Lair:2   | Killed a six-headed hydra
 10694 | Lair:2   | Reached skill level 13 in Unarmed Combat
 10882 | Lair:2   | Noticed a six-headed hydra
 10891 | Lair:2   | Killed a three-headed hydra
 11040 | Lair:3   | Found a staircase to the Shoals.
 11259 | Lair:3   | Noticed a five-headed hydra
 11271 | Lair:3   | Killed a three-headed hydra
 11748 | Lair:3   | Reached skill level 14 in Unarmed Combat
 11769 | Lair:3   | Reached skill level 10 in Shields
 12170 | Lair:4   | Got a distressingly furry cloak
 12181 | Lair:4   | Identified the +1 cloak of Laphuk {rPois} (You found it on level 4 of the Lair of Beasts)
 12638 | Lair:4   | Reached XP level 13. HP: 106/106 MP: 16/16
 13366 | Lair:5   | Found a frozen archway.
 13406 | IceCv    | Entered an ice cave
 13777 | IceCv    | Reached skill level 15 in Unarmed Combat
 13790 | IceCv    | Got a faintly humming steam dragon armour
 13801 | IceCv    | Identified the +7 steam dragon armour of the Pure Curses {rN++} (You found it in an ice cave)
 14983 | Lair:6   | Found a hole to the Spider Nest.
 16270 | Lair:7   | Noticed Rupert
 16280 | Lair:7   | Killed Rupert
 16349 | Lair:7   | Reached skill level 16 in Unarmed Combat
 16349 | Lair:7   | Reached XP level 14. HP: 116/123 MP: 17/17
 16789 | Lair:7   | Found a runed door.
 16789 | Lair:7   | Found a viscous altar of Jiyva.
 16789 | Lair:7   | Found a staircase to the Slime Pits.
 16789 | Lair:7   | Noticed an azure jelly
 17167 | Lair:8   | Entered Level 8 of the Lair of Beasts
 17265 | Lair:8   | Reached skill level 5 in Fighting
 17702 | Lair:8   | Reached skill level 17 in Unarmed Combat
 18335 | Lair:1   | Gained mutation: You can spit weak poison. [potion of beneficial mutation]
 18375 | D:11     | Noticed an unseen horror
 18390 | D:11     | Killed an unseen horror
 18614 | D:11     | Killed Josephine
 18633 | D:11     | Killed a three-headed hydra
 19284 | D:11     | Killed a one-headed hydra
 19344 | D:12     | Found a staircase to the Orcish Mines.
 19354 | D:12     | Reached XP level 15. HP: 132/137 MP: 18/18
 19469 | D:12     | Noticed a centaur warrior
 19477 | D:12     | Killed a centaur warrior
 19595 | D:12     | Noticed a hill giant
 19599 | D:12     | Killed a hill giant
 20176 | Orc:1    | Entered Level 1 of the Orcish Mines
 20299 | Orc:1    | Found a burning altar of Makhleb.
 20555 | Orc:1    | Noticed Snorg
 20573 | Orc:1    | Killed Snorg
 21582 | Orc:3    | Found a staircase to the Elven Halls.
 21610 | Orc:3    | Found Poopoteg's Distillery.
 21619 | Orc:3    | Bought a potion of beneficial mutation for 455 gold pieces
 21619 | Orc:3    | Gained mutation: Your muscles are strong. (Str +2) [potion of beneficial mutation]
 21620 | Orc:3    | Gained mutation: You have a somewhat thin skeletal structure (Dex +2, Stealth). [potion of beneficial mutation]
 21933 | Orc:4    | Entered Level 4 of the Orcish Mines
 22355 | Orc:4    | Found Etioz's General Store.
 22355 | Orc:4    | Found Ashuopho's Magic Scroll Emporium.
 22690 | Orc:4    | Found Xiboteh's Antique Armour Shop.
 22692 | Orc:4    | Found Maceom's Armour Shoppe.
 22699 | Orc:4    | Bought an embroidered hat for 112 gold pieces
 22699 | Orc:4    | Bought an embroidered robe for 19 gold pieces
 22699 | Orc:4    | Bought an embroidered robe for 19 gold pieces
 23031 | D:13     | Noticed a skeletal warrior
 23038 | D:13     | Noticed a skeletal warrior
 23041 | D:13     | Killed an enchanted long sword
 23041 | D:13     | Reached skill level 18 in Unarmed Combat
 23048 | D:13     | Killed a skeletal warrior
 23052 | D:13     | Noticed a skeletal warrior
 23058 | D:13     | Killed a skeletal warrior
 23064 | D:13     | Killed a skeletal warrior
 23089 | D:13     | Noticed a skeletal warrior
 23089 | D:13     | Noticed a skeletal warrior
 23097 | D:13     | Killed a skeletal warrior
 23107 | D:13     | Killed a skeletal warrior
 23107 | D:13     | Reached skill level 10 in Dodging
 23126 | D:13     | Noticed a ball lightning
 23127 | D:13     | Killed a ball lightning
 23128 | D:13     | Noticed a ball lightning
 23129 | D:13     | Killed a ball lightning
 23131 | D:13     | Noticed a ball lightning
 23133 | D:13     | Killed a ball lightning
 23305 | D:13     | Noticed an unseen horror
 23323 | D:13     | Killed an unseen horror
 23665 | D:13     | Noticed a ball lightning
 23667 | D:13     | Killed a ball lightning
 23998 | Spider:1 | Entered Level 1 of the Spider Nest
 25376 | Spider:2 | Reached XP level 16. HP: 152/152 MP: 19/19
 25738 | Spider:3 | Noticed Jorgrun
 25745 | Spider:3 | Killed Jorgrun
 25949 | Spider:3 | Noticed Norris
 26069 | Spider:3 | Paralysed by Norris for 5 turns
 26083 | Spider:3 | Killed Norris
 26083 | Spider:3 | Reached skill level 19 in Unarmed Combat
 27213 | Spider:4 | Noticed Arachne
 27228 | Spider:4 | Killed Arachne
 27571 | Spider:5 | Entered Level 5 of the Spider Nest
 28344 | Spider:5 | Got a gossamer rune of Zot
 28398 | Spider:5 | Reached skill level 20 in Unarmed Combat
 29030 | Shoals:1 | Entered Level 1 of the Shoals
 29041 | Shoals:1 | Reached XP level 17. HP: 154/165 MP: 20/20
 29246 | Shoals:1 | Found Quushrob's Distillery.
 29728 | Shoals:1 | Reached skill level 10 in Fighting
 29746 | Shoals:2 | Noticed Donald
 29746 | Shoals:2 | Noticed Polyphemus
 29853 | Shoals:2 | Noticed Louise
 29867 | Shoals:2 | Killed Louise
 29967 | Shoals:2 | Killed Donald
 30085 | Shoals:2 | Noticed Roxanne
 30102 | Shoals:2 | Killed Roxanne
 30108 | Shoals:2 | Identified Roxanne's Volume of the Mutagenic Mountains (You took it off Roxanne on level 2 of the Shoals)
 30458 | Shoals:3 | Found Miezoid's Book Shop.
 30459 | Shoals:3 | Found Totirum's Jewellery Shoppe.
 30652 | Shoals:3 | Found Buil's Assorted Antiques.
 30899 | Shoals:3 | Found Nyizew's Antique Armour Boutique.
 31309 | Shoals:4 | Noticed Ilsuiw
 31320 | Shoals:4 | Killed Ilsuiw
 31320 | Shoals:4 | Reached skill level 21 in Unarmed Combat
 31557 | Shoals:4 | Noticed Aizul
 31565 | Shoals:4 | Killed Aizul
 31737 | Shoals:4 | Found Joewk's Distillery.
 31873 | Shoals:5 | Entered Level 5 of the Shoals
 31996 | Shoals:5 | Reached XP level 18. HP: 155/179 MP: 21/21
 32863 | Shoals:5 | Got a barnacled rune of Zot
 33415 | D:14     | Noticed a hill giant
 33418 | D:14     | Killed a hill giant
 33418 | D:14     | Reached skill level 1 in Throwing
 33420 | D:14     | Killed a ball lightning
 33422 | D:14     | Found a flagged portal.
 33456 | Bailey   | Entered a bailey
 34079 | D:15     | Entered Level 15 of the Dungeon
 34089 | D:15     | Found a burning altar of Makhleb.
 34388 | D:15     | Killed an enchanted long sword
 34658 | D:15     | Found a staircase to the Depths.
 35033 | Vaults:1 | Entered Level 1 of the Vaults
 35300 | Vaults:1 | Reached skill level 22 in Unarmed Combat
 36178 | Vaults:2 | Reached XP level 19. HP: 189/189 MP: 22/22
 37117 | Vaults:2 | Reached skill level 5 in Throwing
 38152 | Vaults:3 | Noticed Xtahua
 38159 | Vaults:3 | Killed Xtahua
 38524 | Vaults:3 | Reached skill level 23 in Unarmed Combat
 38636 | Vaults:3 | Found a staircase to the Crypt.
 38691 | Vaults:3 | Identified a scroll of acquirement
 38693 | Vaults:3 | Got a flickering pewter amulet
 38694 | Vaults:3 | Identified the amulet "Koafaod" {Stasis rPois} (You found it on level 3 of the Vaults)
 38700 | Vaults:3 | Gained mutation: Your muscles are very strong. (Str +4) [potion of beneficial mutation]
 38872 | Vaults:3 | Reached XP level 20. HP: 175/201 MP: 23/23
 39778 | Vaults:4 | Learned a level 1 spell: Apportation
 39780 | Vaults:4 | Learned a level 1 spell: Summon Butterflies
 40077 | Vaults:4 | Reached skill level 1 in Translocations
 40092 | Vaults:4 | Noticed Saint Roka
 40116 | Vaults:4 | Killed Saint Roka
 40186 | Vaults:4 | Paralysed by a lich for 5 turns
 40581 | Vaults:4 | Noticed Frederick
 40587 | Vaults:4 | Killed Frederick
 41048 | Crypt:1  | Entered Level 1 of the Crypt
 41180 | Crypt:1  | Reached skill level 5 in Translocations
 41398 | Crypt:1  | Reached XP level 21. HP: 209/209 MP: 27/27
 41523 | Crypt:1  | Reached skill level 5 in Spellcasting
 42206 | Crypt:3  | Entered Level 3 of the Crypt
 42442 | Crypt:3  | Found a staircase to the Tomb.
 42825 | Crypt:3  | Found an ancient bone altar of Kikubaaqudgha.
 42833 | Crypt:3  | Got a warped iron ring
 42833 | Crypt:3  | Got a wavering silver ring
 42833 | Crypt:3  | Got a glittering copper ring
 42841 | Crypt:3  | Noticed Boris
 42935 | Crypt:3  | Identified the ring "Sonn" {rPois rN+ Str+4 Int+4} (You found it on level 3 of the Crypt)
 42937 | Crypt:3  | Identified the ring "Ofaruef" {-Tele rElec rPois rN+ Slay+3} (You found it on level 3 of the Crypt)
 42939 | Crypt:3  | Identified the ring "Edeyxipnonk" {rElec rN+ Dex+2 SInv} (You found it on level 3 of the Crypt)
 43744 | Crypt:3  | Got an opal-encrusted steam dragon armour
 43755 | Crypt:3  | Identified the cursed +0 steam dragon armour of the Beggar {rF+ rN+ MR+ Dex+2} (You found it on level 3 of the Crypt)
 43791 | Crypt:3  | Identified the Grimoire of Black Magic (You found it on level 3 of the Crypt)
 44058 | Crypt:3  | Killed Boris
 44620 | Depths:1 | Entered Level 1 of the Depths
 44675 | Depths:1 | Reached XP level 22. HP: 196/218 MP: 32/32
 44676 | Depths:1 | Noticed Wiglaf
 44691 | Depths:1 | Killed Wiglaf
 44833 | Depths:1 | Noticed Sojobo
 44969 | Depths:1 | Found a gateway to Hell.
 45238 | Depths:1 | Killed Sojobo
 45449 | Depths:1 | Reached skill level 10 in Translocations
 45756 | Depths:1 | Paralysed by a great orb of eyes for 5 turns
 46394 | Lair:2   | Learned a level 6 spell: Statue Form
 46455 | Shoals:3 | Bought an Akashic Record for 1876 gold pieces
 46455 | Shoals:3 | Bought a manual of Dodging for 1876 gold pieces
 46463 | Shoals:3 | Learned a level 7 spell: Controlled Blink
 46729 | Depths:2 | Found a huge runed gate.
 46729 | Depths:2 | Found a huge runed gate.
 46729 | Depths:2 | Found a huge runed gate.
 46729 | Depths:2 | Found a huge runed gate.
 46729 | Depths:2 | Found a huge runed gate.
 46729 | Depths:2 | Found a huge runed gate.
 46729 | Depths:2 | Found a huge runed gate.
 46729 | Depths:2 | Found a huge runed gate.
 46729 | Depths:2 | Found a huge runed gate.
 46729 | Depths:2 | Found a huge runed gate.
 46733 | Depths:2 | Found a huge runed gate.
 46733 | Depths:2 | Found a huge runed gate.
 46733 | Depths:2 | Found a huge runed gate.
 46733 | Depths:2 | Found a huge runed gate.
 46733 | Depths:2 | Found a huge runed gate.
 46733 | Depths:2 | Found a huge runed gate.
 46733 | Depths:2 | Found a huge runed gate.
 46733 | Depths:2 | Found a huge runed gate.
 46760 | Depths:2 | Found a huge runed gate.
 46768 | Depths:2 | Found a huge runed gate.
 46768 | Depths:2 | Found a huge runed gate.
 46768 | Depths:2 | Found a huge runed gate.
 46768 | Depths:2 | Found a huge runed gate.
 46768 | Depths:2 | Found a huge runed gate.
 46770 | Depths:2 | Found a huge runed gate.
 46771 | Depths:2 | Found a huge runed gate.
 46772 | Depths:2 | Found a huge runed gate.
 46773 | Depths:2 | Found a huge runed gate.
 46835 | Depths:2 | Found a huge runed gate.
 46835 | Depths:2 | Found a huge runed gate.
 46835 | Depths:2 | Found a huge runed gate.
 46835 | Depths:2 | Found a huge runed gate.
 46835 | Depths:2 | Found a huge runed gate.
 46835 | Depths:2 | Found a huge runed gate.
 46835 | Depths:2 | Found a huge runed gate.
 46837 | Depths:2 | Found a huge runed gate.
 47425 | Depths:2 | Reached skill level 15 in Dodging
 47503 | Depths:2 | Found a sparkling altar of Nemelex Xobeh.
 47507 | Depths:2 | Found a one-way gate to the infinite horrors of the Abyss.
 47615 | Depths:2 | Found Koheidgh's Jewellery Shop.
 47632 | Depths:2 | Bought an uncursed amulet of resist corrosion for 340 gold pieces
 47846 | Depths:2 | Found a one-way gate leading to the halls of Pandemonium.
 47904 | Depths:2 | Reached XP level 23. HP: 199/226 MP: 20/35
 48104 | Depths:3 | Reached skill level 10 in Spellcasting
 48423 | Depths:3 | HP: 9/226 [fire giant/fireball (34)]
 49679 | Depths:3 | Reached skill level 1 in Armour
 51038 | Depths:4 | Reached XP level 24. HP: 234/234 MP: 36/37
 51069 | Depths:4 | Found Xoorascho's Book Shop.
 51224 | Depths:4 | Reached skill level 5 in Armour
 51817 | Depths:4 | Identified Lehudib's Catalogue of Attacks
 52094 | Depths:4 | Got a translucent glass ring
 52095 | Depths:4 | Identified the ring "Reteli" {Int+2 Stlth-} (You found it on level 4 of the Depths)
 52111 | Depths:4 | Got a faintly humming robe
 52112 | Depths:4 | Identified the +1 robe of the Pit {rF+ Str+3} (You found it on level 4 of the Depths)
 52683 | Depths:4 | Identified the Tome of the Oath
 52803 | Depths:5 | Entered Level 5 of the Depths
 52934 | Depths:5 | Found a glowing golden altar of the Shining One.
 53163 | Depths:5 | Found a gate to the Realm of Zot.
 53434 | Depths:5 | Found a gateway to a ziggurat.
 54135 | Vaults:5 | Entered Level 5 of the Vaults
 54170 | Vaults:4 | Reached XP level 25. HP: 225/241 MP: 37/37
 54210 | Vaults:5 | Noticed Mara
 54259 | Vaults:4 | Reached skill level 10 in Armour
 54413 | Vaults:5 | Killed Mara
 54623 | Vaults:5 | Got a silver rune of Zot
 54654 | Vaults:5 | Identified the Handbook of the Entourage (You found it on level 5 of the Vaults)
 54748 | Vaults:5 | Noticed an ancient lich
 54751 | Vaults:5 | Killed an ancient lich
 54871 | Vaults:5 | Paralysed by a sphinx for 6 turns
 54873 | Vaults:5 | Noticed Jory
 54888 | Vaults:5 | Killed Jory
 55783 | Vaults:5 | Got a steaming ivory ring
 55784 | Vaults:5 | Identified the ring "Giba" {rF- Str+3 Stlth-} (You found it on level 5 of the Vaults)
 57004 | Zot:1    | Entered Level 1 of the Realm of Zot
 57044 | Zot:1    | Reached XP level 26. HP: 186/250 MP: 38/38
 57056 | Zot:1    | Reached skill level 1 in Earth Magic
 57068 | Zot:1    | Reached skill level 1 in Transmutations
 58053 | Zot:2    | Reached skill level 5 in Earth Magic
 58639 | Zot:2    | Reached skill level 5 in Transmutations
 59894 | Zot:3    | Learned a level 5 spell: Blade Hands
 60297 | Zot:4    | Reached XP level 27. HP: 258/258 MP: 38/38
 60344 | Zot:4    | Noticed an ancient lich
 60349 | Zot:4    | Killed an ancient lich
 60349 | Zot:4    | Reached skill level 10 in Earth Magic
 61025 | Zot:4    | Reached skill level 24 in Unarmed Combat
 61278 | Zot:5    | Entered Level 5 of the Realm of Zot
 62284 | Zot:5    | Noticed an orb of fire
 62288 | Zot:5    | Gained mutation: Your magical capacity is low (-10% MP). [an orb of fire]
 62289 | Zot:5    | Gained mutation: Your magical capacity is very low (-20% MP). [an orb of fire]
 62290 | Zot:5    | Gained mutation: You are covered in thick fur (AC +2). [an orb of fire]
 62299 | Zot:5    | Killed an orb of fire
 62315 | Zot:5    | Reached skill level 25 in Unarmed Combat
 62527 | Zot:5    | Noticed an orb of fire
 62531 | Zot:5    | Noticed an orb of fire
 62535 | Zot:5    | Killed an orb of fire
 62539 | Zot:5    | Gained mutation: You expend magic power (3 MP) to strengthen your wands. [an orb of fire]
 62705 | Zot:5    | Killed an orb of fire
 62912 | Zot:5    | Noticed an orb of fire
 62918 | Zot:5    | Killed an orb of fire
 62918 | Zot:5    | Reached skill level 26 in Unarmed Combat
 62962 | Zot:5    | Got the Orb of Zot
 63029 | Zot:5    | Noticed an ancient lich
 63033 | Zot:5    | Killed an ancient lich
 63378 | D:12     | Noticed a seraph
 63604 | D:9      | Noticed Qyroidu the pandemonium lord
 63810 | D:$      | Escaped with the Orb!

Action                   |  1- 3 |  4- 6 |  7- 9 | 10-12 | 13-15 | 16-18 | 19-21 | 22-24 | 25-27 || total
-------------------------+-------+-------+-------+-------+-------+-------+-------+-------+-------++-------
Melee: Unarmed           |    89 |   197 |   427 |   686 |  1830 |  1491 |  1835 |  1577 |  1899 || 10031
       Scimitar          |       |       |       |    11 |    13 |       |       |       |       ||    24
       Glaive            |       |       |       |       |       |    46 |       |       |       ||    46
Throw: Tomahawk          |       |       |     9 |    13 |     6 |    12 |       |       |       ||    40
       Throwing net      |       |       |     1 |     3 |       |       |       |       |       ||     4
       Stone             |       |       |       |    59 |     5 |       |       |       |       ||    64
       Large rock        |       |       |       |       |     4 |       |     3 |    30 |    31 ||    68
       Javelin           |       |       |       |       |    12 |    63 |       |       |       ||    75
 Cast: Repel Missiles    |       |       |       |     3 |     9 |    15 |     8 |    14 |     9 ||    58
       Conjure Flame     |       |       |       |     9 |     5 |     1 |       |       |       ||    15
       Mephitic Cloud    |       |       |       |     2 |    12 |     5 |       |       |       ||    19
       Blink             |       |       |       |     1 |     1 |       |       |     2 |     5 ||     9
       Magic Dart        |       |       |       |       |    19 |     3 |       |       |       ||    22
       Controlled Blink  |       |       |       |       |       |       |       |     3 |       ||     3
       Blade Hands       |       |       |       |       |       |       |       |       |    14 ||    14
       Statue Form       |       |       |       |       |       |       |       |       |    23 ||    23
Invok: Slouch            |       |       |       |       |     4 |     9 |     5 |    10 |       ||    28
       Bend Time         |       |       |       |       |       |       |       |     5 |       ||     5
 Abil: End Transformatio |       |       |       |       |       |       |       |       |     2 ||     2
Evoke: Wand              |       |       |       |       |       |     3 |     2 |     3 |    15 ||    23
  Use: Potion            |       |     4 |     3 |       |     4 |     2 |    12 |     4 |       ||    29
       Scroll            |       |     6 |     6 |    18 |    11 |     6 |    12 |    26 |    15 ||   100
 Stab: Sleeping          |       |     3 |     4 |     8 |    17 |    14 |    12 |       |       ||    58
       Distracted        |       |       |       |     2 |     4 |     6 |     2 |     2 |       ||    16
       Confused          |       |       |       |     2 |     4 |       |       |       |       ||     6
       Fleeing           |       |       |       |       |       |     1 |       |       |       ||     1
       Invisible         |       |       |       |       |       |       |     2 |       |       ||     2
  Eat: Chunk             |    13 |    17 |    23 |    51 |    98 |    77 |    44 |    76 |    60 ||   459
       Beef jerky        |       |       |       |       |       |     3 |     3 |       |       ||     6
       Royal jelly       |       |       |       |       |       |     2 |     2 |       |     1 ||     5
       Pizza             |       |       |       |       |       |     1 |     1 |       |     3 ||     5
       Meat ration       |       |       |       |       |       |       |     2 |       |     4 ||     6
       Fruit             |       |       |       |       |       |       |       |     1 |       ||     1
